 Dungeon Crawl Stone Soup version 0.30.0-5-g1a98f26d00 (webtiles) character file.

Game seed: 9699697228027948033

370 NinjaNoafa the Cleaver (level 6, 0/52 HPs)
             Began as a Hill Orc Fighter on May 8, 2023.
             Killed from afar by a white imp (8 damage)
             ... with a puff of frost
             ... on level 5 of the Dungeon.
             The game lasted 00:04:49 (2330 turns).

NinjaNoafa the Cleaver (Hill Orc Fighter)           Turns: 2330, Time: 00:04:49

Health: 0/52       AC:  9    Str: 21    XL:     6   Next: 70%
Magic:  6/6        EV:  8    Int:  8    God:
Gold:   189        SH:  4    Dex: 10    Spells: 5/5 levels left

rFire   . . .        a - +0 war axe
rCold   . . .        c - +0 buckler
rNeg    . . .        o - +0 chain mail
rPois   .            (no helmet)
rElec   .            (no cloak)
rCorr   .            (no gloves)
SInv    .            (no boots)
Will    +....        (no amulet) Stlth
                     u - ring of willpower
HPRegen 0.28/turn    (no ring)
MPRegen 0.10/turn

%: no passive effects
@: no status effects
A: no striking features
a: no special abilities


You were on level 5 of the Dungeon.
You visited 1 branch of the dungeon, and saw 5 of its levels.

You collected 189 gold pieces.

Inventory:

Hand Weapons
 a - a +0 war axe (weapon)
Missiles
 i - 9 poisoned darts (quivered)
Armour
 c - a +0 buckler (worn)
 o - a +0 chain mail (worn)
Jewellery
 u - a ring of willpower (left hand)
Scrolls
 e - 2 scrolls of vulnerability {unknown}
 f - 3 scrolls of poison {unknown}
 g - 2 scrolls of identify {unknown}
 k - a scroll of summoning {unknown}
 m - a scroll of noise {unknown}
 n - 2 scrolls of brand weapon {unknown}
 p - a scroll of teleportation {unknown}
 s - a scroll of amnesia {unknown}
 v - a scroll of fog {unknown}
 w - a scroll of torment {unknown}
Potions
 b - a potion of degeneration {unknown}
 d - a potion of might
 h - 2 potions of mutation {unknown}
 j - a potion of brilliance {unknown}
 l - a potion of haste {unknown}
 q - a potion of magic {unknown}
 r - a potion of ambrosia {unknown}
 t - a potion of curing {unknown}
 x - a potion of invisibility {unknown}


   Skills:
 - Level 4.0 Fighting
 + Level 8.1 Axes
 - Level 4.0 Armour
 - Level 4.0 Shields


You had 5 spell levels left.
You didn't know any spells.
Your spell library was empty.

Dungeon Overview and Level Annotations

Branches:
Dungeon (6/15) Zot: 26889
 Temple: D:4-7

Altars:
Makhleb
Wu Jian


Message History

You hit the worm but do no damage.
The white imp shouts, "Turn tail, thou errant clay-brained harpy!"
The white imp hits you. The white imp freezes you. The worm barely misses you.
The white imp gestures at you. The puff of frost hits you.
* * * LOW HITPOINT WARNING * * *
You barely miss the white imp.
The white imp is almost dead.
You hit the worm. The white imp gestures at you. The puff of frost hits you.
* * * LOW HITPOINT WARNING * * *
You closely miss the white imp.
The white imp is almost dead.
You hit the worm.
You kill the worm!
The white imp completely misses you.
Unknown command.
You hit the white imp but do no damage.
The white imp is almost dead.
The white imp gestures at you. The puff of frost hits you!
* * * LOW HITPOINT WARNING * * *
You closely miss the white imp.
The white imp is almost dead.
The white imp gestures at you. The puff of frost hits you.
* * * LOW HITPOINT WARNING * * *
You hit the white imp.
The white imp is almost dead.
The white imp hits you but does no damage.
You barely miss the white imp.
The white imp is almost dead.
The white imp gestures at you.
The puff of frost hits you but does no damage.
You closely miss the white imp.
The white imp is almost dead.
The white imp gestures at you. The puff of frost hits you!
You die...

### .. #.
###############
.####.####.............#
...........###########.#
.?.........# ##.####.#
......(....# .........
#...$..@...# #######..
#......5...# .........
........................
####............########
#....###..... #....#
..... ###+## ..... ..


You could see a white imp.

Vanquished Creatures
  A centaur (D:6)
  A phantom (D:6)
  A hound (D:3)
  An orc wizard (D:6)
  6 adders
  A worm (D:5)
  2 dart slugs
  7 orcs
  4 ball pythons
  6 endoplasms
  2 giant cockroaches
  7 hobgoblins
  9 jackals
  3 kobolds
  3 quokkas
  9 bats
  4 frilled lizards
  7 goblins
  9 rats
83 creatures vanquished.

Notes
Turn   | Place    | Note
-------+----------+-------------------------------------------
     0 | D:1      | NinjaNoafa the Hill Orc Fighter began the quest for the
                  | Orb.
     0 | D:1      | Reached XP level 1. HP: 19/19 MP: 1/1
   158 | D:1      | Reached XP level 2. HP: 27/27 MP: 2/2
   159 | D:1      | Reached skill level 3 in Axes
   332 | D:1      | Reached XP level 3. HP: 24/33 MP: 3/3
  1347 | D:2      | Reached XP level 4. HP: 31/40 MP: 4/4
  1366 | D:2      | Reached skill level 4 in Axes
  1637 | D:3      | Found a burning altar of Makhleb.
  1781 | D:3      | Reached skill level 5 in Axes
  1799 | D:3      | Reached XP level 5. HP: 46/46 MP: 5/5
  1860 | D:3      | Identified the +4 sling of Duty {flame, rCorr MP+9 Int-4}
  1987 | D:3      | Reached skill level 6 in Axes
  2027 | D:3      | You fall into a shaft and drop 3 floors!
  2027 | D:6      | Found an ornate altar of the Wu Jian Council.
  2048 | D:6      | Noticed a phantom
  2071 | D:6      | Killed a phantom
  2072 | D:6      | Reached skill level 7 in Axes
  2072 | D:6      | Reached XP level 6. HP: 30/52 MP: 6/6
  2191 | D:6      | Reached skill level 8 in Axes
  2222 | D:5      | Entered Level 5 of the Dungeon
  2330 | D:5      | Killed from afar by a white imp

Illustrated notes

Levels and vault maps discovered:
D:1:      spicycebolla_arrival_risky_transporter, layout_loops_ring,
          hangedman_abyss_or_decor_lesser_grid
D:2:      layout_basic, moated_statue
D:3:      layout_basic, mainiacjoe_overflow_surrounded_room
D:5:      layout_basic, nzn_hepliaklqana_mist_gate, feat_on_display
D:6:      layout_loops_ring, kennysheep_little_box, ebering_ghost_inner_flame

Skill      XL: |  1  2  3  4  5  6 |
---------------+-------------------+-----
Axes           | 3 5 7 8 |  8.1
Fighting       | 4 |  4.0
Armour         | 4 |  4.0
Shields        | 4 |  4.0

Action                     |  1- 3 |  4- 6 || total
---------------------------+-------+-------++-------
  Melee: War axe           |   109 |   165 ||   274
 Armour: Scale mail        |    64 |    30 ||    94
         Chain mail        |       |    57 ||    57
  Dodge: Dodged            |    65 |    85 ||   150
  Block: Buckler           |    29 |    48 ||    77
